 Dungeon Crawl Stone Soup version 0.18-a0-902-g8738618 (webtiles) character file.

9 Jmtri7 the Charlatan (level 2, -3/22 HPs)
             Began as a Formicid Artificer on Dec 24, 2015.
             Was an Initiate of Yredelemnul.
             Slain by a two-headed ogre
             ... wielding a +0 dire flail
              (5 damage)
             ... on level 8 of the Dungeon.
             The game lasted 00:04:05 (607 turns).

Jmtri7 the Charlatan (Formicid Artificer)            Turns: 607, Time: 00:04:06

Health: -3/22      AC:  3    Str: 15    XL:     2   Next: 20%
Magic:  4/4        EV: 11    Int: 11    God:    Yredelemnul [......]
Gold:   5          SH:  0    Dex: 11    Spells: 0 memorised, 1 level left

rFire  . . .     SeeInvis +     g - +1 dagger (venom)
rCold  . . .     Gourm    .     b - +0 leather armour
rNeg   . . .     Faith    .     (no shield)
rPois  .         Spirit   .     (helmet unavailable)
rElec  .         Dismiss  .     (no cloak)
rCorr  .         Reflect  .     (no gloves)
SustAt .         Harm     .     (no boots)
MR     .....                    (no amulet)
Stlth  +.........               (no ring)
                                (no ring)

@: not resistant to hostile enchantments, very unstealthy
A: permanent stasis, dig shafts and tunnels, four strong arms, antennae 3
a: Dig, Shaft Self, Renounce Religion


You were on level 8 of the Dungeon.
You worshipped Yredelemnul.
Yredelemnul was noncommittal.
You were hungry.

You visited 1 branch of the dungeon, and saw 5 of its levels.

You collected 5 gold pieces.

Inventory:

Hand Weapons
 g - a +1 dagger of venom (weapon)
Armour
 b - a +0 leather armour (worn)
Wands
 c - a wand of flame (2/48)
 d - a wand of enslavement (10/24)
 e - a wand of random effects (15/48)
Comestibles
 f - a bread ration


   Skills:
 + Level 1.7 Fighting
 - Level 1.0 Short Blades
 + Level 0.7 Armour
 - Level 1.7 Dodging
 - Level 1.2 Stealth
 + Level 3.5 Evocations


You had one spell level left.
You didn't know any spells.

Dungeon Overview and Level Annotations

Branches:
Dungeon (5/15)
 Temple: D:4-7

Altars:
Ru
Vehumet
Yredelemnul


Innate Abilities, Weirdness & Mutations

You are under a permanent stasis effect.
You can dig through walls and to a lower floor.
Your four strong arms can wield two-handed weapons with a shield.
You have a pair of large antennae on your head (SInv).


Message History

The two-headed ogre easily resists.
This wand has 12 charges left.
The two-headed ogre hits you but does no damage.
The two-headed ogre closely misses you.
Zapping:
d - a wand of enslavement (12/24)
Press: ? - help, Shift-Dir - straight line, f/p - two-headed ogre
Aim: a two-headed ogre, wielding a dire flail and a giant club (chance to defeat MR: 35%)
The two-headed ogre is charmed.
This wand has 11 charges left.
Found a robe.
A hound comes into view.
The two-headed ogre is no longer charmed.
Zapping:
d - a wand of enslavement (11/24)
Press: ? - help, Shift-Dir - straight line, f/p - two-headed ogre
Aim: a two-headed ogre, wielding a dire flail and a giant club (chance to defeat MR: 35%)
The two-headed ogre easily resists.
This wand has 10 charges left.
The two-headed ogre hits you with a dire flail!!
Ouch! That really hurt!
* * * LOW HITPOINT WARNING * * *
The two-headed ogre hits you with a giant club.
You die...
Your body rises from the dead as a mindless zombie.

##########
#.[......###############
#..............O@.h.....
#........##.......######
##########..###..## #.##
#.## ##.# ..# #..# #.##
#####.## #. ##.....# #.
#..#####


You could see a two-headed ogre and a hound.

Vanquished Creatures
  6 kobolds (D:5)
  A bat (D:2)
  3 giant newts (D:1)
10 creatures vanquished.

Notes
Turn   | Place    | Note
--------------------------------------------------------------
     0 | D:1      | Jmtri7 the Formicid Artificer began the quest for the Orb.
     0 | D:1      | Reached XP level 1. HP: 15/15 MP: 3/3
    71 | D:1      | You fall through a shaft!
    77 | D:2      | Found a radiant altar of Vehumet.
    77 | D:2      | Found a sacrificial altar of Ru.
    78 | D:2      | Found a basalt altar of Yredelemnul.
   103 | D:2      | Became a worshipper of Yredelemnul the Dark
   341 | D:2      | You fall through a shaft!
   344 | D:3      | You fall through a shaft for 2 floors!
   344 | D:5      | Entered Level 5 of the Dungeon
   415 | D:5      | Reached XP level 2. HP: 12/21 MP: 4/4
   575 | D:5      | You fall through a shaft for 3 floors!
   575 | D:8      | Noticed a two-headed ogre
   607 | D:8      | Slain by a two-headed ogre

Vault maps used:
D:1:      shiori_shiawase, minmay_newt_pond
D:2:      lemuel_doored_altar, okawaru_gym_becter,
          gammafunk_temple_overflow_claw, first_bread, glass_columns_b,
          minivault_14
D:3:      kennysheep_vampire_church
D:5:      minmay_goblin_kobold_castle, lemuel_crystal_altar, old_standard_altar
D:8:      minmay_lair_entry_grove

Action                   || total
-------------------------++-------
Melee: Short sword       ||    17
 Abil: Shaft Self        ||     4
Evoke: Wand              ||    18
